 Dungeon Crawl Stone Soup version 0.16.2-12-gd0ad4c3 (webtiles) character file.

133188 faibistes the Eclecticist (level 16, -11/96 HPs)
             Began as a Deep Elf Wizard on Feb 4, 2018.
             Was the Champion of Sif Muna.
             Shot with a bolt by a naga sharpshooter (21 damage)
             ... on level 2 of the Snake Pit.
             The game lasted 02:45:29 (49650 turns).

faibistes the Eclecticist (Deep Elf Wizard)        Turns: 49650, Time: 02:45:29

Health: -11/96     AC:  9    Str:  4    XL:     16   Next: 59%
Magic:  50/50      EV: 17    Int: 31    God:    Sif Muna [******]
Gold:   170        SH:  0    Dex: 13    Spells: 9 memorised, 5 levels left

rFire  + . .     SeeInvis .     w - +8 falchion of Internal Strife {drain, rF+}
rCold  . . .     Clarity  .     F - +2 robe {MR+}
rNeg   . . .     SustAb   .     (no shield)
rPois  .         Gourm    .     b - +1 hat
rElec  .         Spirit   .     N - +2 cloak
rCorr  .         Warding  .     (no gloves)
rMut   .         Stasis   .     S - +0 pair of boots
MR     ++...                    W - amulet of regeneration
Stlth  ++........               n - ring of wizardry
                                E - ring of magical power

@: lethally poisoned (-11 -> -16), constricted, deflect missiles, very resistant
to hostile enchantments, unstealthy
A: no striking features
a: Channel Energy, Forget Spell, Renounce Religion


You were on level 2 of the Snake Pit.
You worshipped Sif Muna.
Sif Muna was exalted by your worship.
You were not hungry.

You visited 6 branches of the dungeon, and saw 28 of its levels.
You also visited: Ossuary.

You collected 2985 gold pieces.
You spent 2815 gold pieces at shops.

Inventory:

Hand weapons
 s - a +3 short sword of holy wrath
 u - the +1 war axe of Darkness {flame, rElec rC- rN+}
   (You found it on level 3 of the Lair of Beasts)

   It has been specially enchanted to burn those struck by it, causing extra
   injury to most foes and up to half again as much damage against particularly
   susceptible opponents.
   Big, fiery blades are also staple armaments of hydra-hunters.
   It makes you vulnerable to cold.
   It insulates you from electricity.
   It protects you from negative energy.
 w - the +8 falchion of Internal Strife (weapon) {drain, rF+}
   (You found it on level 9 of the Dungeon)

   A truly terrible weapon, it drains the life of those it strikes.
   It protects you from fire.
Armour
 a - a +2 robe of cold resistance
 b - a +1 hat (worn)
 F - a +2 robe of magic resistance (worn)
 N - a +2 cloak (worn)
 S - a +0 pair of boots (worn)
Rods
 C - a +1 iron rod (13/13)
   (You found it on level 5 of the Dungeon)
 P - a +4 rod of the swarm (13/13)
   (You found it on level 3 of the Lair of Beasts)
Jewellery
 g - an uncursed amulet of clarity
 l - an uncursed ring of see invisible
 n - a ring of wizardry (right hand)
 E - a ring of magical power (left hand)
 H - an uncursed ring of fire
 I - an uncursed ring of protection from magic
 J - an uncursed ring of ice
 K - an uncursed ring of invisibility
 W - an amulet of regeneration (around neck)
Magical devices
 h - a wand of disintegration (17)
 i - a wand of enslavement (15)
 O - a wand of lightning (4)
 Q - a wand of hasting (2)
 T - a wand of enslavement (1)
 V - a wand of confusion (12)
 Y - a wand of cold (1)
Scrolls
 c - 4 scrolls of blinking
 e - 7 scrolls of remove curse
 f - 3 scrolls of fear
 j - a scroll of teleportation
 o - 4 scrolls of magic mapping
 r - 2 scrolls of recharging
 R - a scroll of immolation
 U - 2 scrolls of fog
Potions
 k - 3 potions of flight
 m - 9 potions of curing
 p - a potion of lignification
 q - a potion of heal wounds
 t - 6 potions of haste
 v - 2 potions of restore abilities
 x - 3 potions of cancellation
 z - 2 potions of magic
 B - a potion of berserk rage
 D - a potion of resistance
 G - 4 potions of brilliance
 M - 3 potions of ambrosia
Miscellaneous
 y - a phial of floods
Comestibles
 d - 12 bread rations
 A - 9 meat rations
 Z - a fruit


   Skills:
 + Level 9.3 Fighting
 - Level 10.0 Dodging
 - Level 2.4 Stealth
 * Level 17.9 Spellcasting
 + Level 10.6 Conjurations
 - Level 11.1 Charms
   Level 3.4 Summonings
 - Level 7.1 Translocations
 - Level 3.0 Transmutations
 + Level 10.3 Fire Magic
 - Level 5.5 Air Magic
 * Level 10.6 Earth Magic
   Level 1.6 Poison Magic
 - Level 10.0 Invocations
 - Level 9.0 Evocations


You had 5 spell levels left.
You knew the following spells:

 Your Spells              Type           Power        Failure   Level  Hunger
a - Airstrike             Air            ######....   1%          4    None
b - Ring of Flames        Chrm/Fire      #######...   7%          7    ####...
c - Iron Shot             Conj/Erth      #######...   1%          6    None
d - Blink                 Tloc           N/A          1%          2    None
f - Deflect Missiles      Chrm/Air       ######....   4%          6    None
i - Ignite Poison         Fire/Trmt      ######....   1%          5    None
v - Bolt of Fire          Conj/Fire      #######...   1%          6    None
x - Sticky Flame          Conj/Fire      #######.     1%          4    None
z - Fireball              Conj/Fire      #######...   1%          5    None


Dungeon Overview and Level Annotations

Branches:
Dungeon (11/15)            Temple (1/1) D:4            Lair (8/8) D:10
  Swamp (0/5) Lair:6        Snake (2/5) Lair:6        Slime (0/6) Lair:7
    Orc (4/4) D:10            Elf (2/3) Orc:4

Altars:
Ashenzari
Cheibriados
Dithmenos
Elyvilon
Fedhas
Gozag
Kikubaaqudgha
Makhleb
Nemelex Xobeh
Okawaru
Qazlal
Ru
Sif Muna
Trog
Vehumet
Xom
Yredelemnul
Zin
The Shining One
Beogh

Shops:
D:10 ?   Orc:3 :   Orc:4 [}*!   Elf:2 }

Portals:
Pandemonium: Orc:4


Message History

It stops dripping with poison.
The naga sharpshooter wields a longbow.
The naga sharpshooter casts a spell.
The naga sharpshooter magically shoots a poisoned arrow.
The poisoned arrow hits you!!
* * * LOW HITPOINT WARNING * * *
You are more poisoned.
You hear a shout!
A naga comes into view. It is wielding a flail.
Drink which item? (? for menu, Esc to quit)
You feel much better.
You feel sick. The naga warrior hits you with a spear.
* * * LOW HITPOINT WARNING * * *
x2 The naga warrior constricts you.
The naga sharpshooter casts a spell.
The naga sharpshooter magically shoots a bolt.
The bolt hits you!
* * * LOW HITPOINT WARNING * * *
The naga sharpshooter mumbles some strange words.
The naga sharpshooter magically shoots a bolt.
The bolt hits you!!
You die...

#. #. ## . ..
.##.# ##.
######N...##
##
#....^.....#
#...........
#.....N......
#...@......#
#....N.....#
#(..N.N.....
#..N.......#
#..$.......#
#.........!
#........$
######.##


You could see 2 naga warriors, 3 naga sharpshooters and a naga.

Vanquished Creatures
  Kirke (Elf:1)
  An azure jelly (shapeshifter) (Elf:1)
  Maud (Lair:6)
  An orc warlord (Orc:3)
  Louise (Snake:1)
  2 deep elf sorcerers
  The ghost of faibistes the Eclecticist, a powerful DEWz of Sif Muna (Orc:4)
  A fire dragon (Lair:8)
  2 deep elf death magi (Elf:1)
  The ghost of faibistes the Thaumaturge, a powerful DEWz of Sif Muna (Lair:5)
  Fannar (Lair:5)
  Harold (Lair:6)
  5 hydras
  13 dancing weapons (Elf:2)
  A catoblepas (Lair:5)
  6 death yaks
  4 orc high priests (Orc:4)
  Urug (Orc:2)
  A shock serpent (Snake:1)
  A naga sharpshooter (Snake:1)
  20 deep elf knights
  12 deep elf summoners
  Erolcha (Orc:1)
  2 putrid demonspawn (Orc:4)
  Pikel (D:4)
  A griffon (Lair:5)
  11 deep elf conjurers
  4 lindwurms
  3 hill giants
  An infernal demonspawn (Orc:4)
  9 orc sorcerers
  7 orc knights
  An ugly thing (D:8)
  A mana viper (Snake:1)
  16 elephants
  Joseph (D:8)
  12 spiny frogs
  11 black mambas
  A smoke demon (Orc:4)
  5 torpor snails
  2 naga magi
  An orange demon (Orc:4)
  8 deep elf priests
  A hellwing (Elf:1)
  11 fire drakes
  12 komodo dragons
  2 polar bears (Lair:8)
  4 trolls
  2 boulder beetles (Lair:8)
  7 blink frogs
  5 basilisks
  A spriggan (D:7)
  4 hogs (Elf:1)
  6 wyverns
  A shadow (D:8)
  29 yaks
  21 deep elf magi
  Eustachio (D:4)
  2 ynoxinuls (Orc:4)
  Grum (D:8)
  A neqoxec (Orc:4)
  12 wolves
  33 deep elf fighters
  2 steam dragons
  11 hippogriffs
  6 wargs
  16 water moccasins
  46 orc warriors
  14 porcupines
  4 swamp drakes (Lair:8)
  A sky beast (D:7)
  A slave (D:4)
  An eye of draining (D:10)
  5 ice beasts
  6 centaurs
  8 ogres
  Sigmund (D:4)
  A big kobold (D:8)
  Duvessa (D:4)
  2 boring beetles
  A brain worm (shapeshifter) (Elf:1)
  25 crocodiles
  2 phantoms
  A wyvern zombie (D:10)
  Blork the orc (Orc:1)
  19 giant frogs
  3 gnoll sergeants
  A wyvern skeleton (D:9)
  2 electric eels
  8 scorpions
  6 goliath beetles
  8 jellies
  Dowan (D:4)
  7 crimson imps
  A centaur skeleton (D:8)
  17 hounds
  4 human zombies (Ossuary)
  A giant frog zombie (D:10)
  35 orc priests
  14 iguanas
  44 orc wizards
  13 worker ants
  4 hell rats (Elf:1)
  A killer bee zombie (D:8)
  29 sheep
  2 mummies (Ossuary)
  2 worker ant zombies
  Robin (D:3)
  34 adders
  25 gnolls
  71 river rats
  5 scorpion zombies (Ossuary)
  2 shadow imps
  12 white imps (Lair:4)
  2 ufetubi (Orc:4)
  3 adder skeletons
  An adder zombie (D:7)
  5 giant geckos
  4 oozes
  191 orcs
  A ball python (D:2)
  12 bats
  A bat zombie (D:6)
  5 giant cockroaches
  17 hobgoblins
  20 kobolds
  4 giant newts
  2 giant spores
  29 goblins
  2 goblin zombies (Ossuary)
  9 jackals
  3 kobold zombies (Ossuary)
  An orc zombie (Ossuary)
  10 quokkas
  15 rats
  11 ballistomycetes
  3 bushes (Lair:4)
  2 crawling corpses (Elf:1)
  6 fungi
  4 plants
1224 creatures vanquished.

Vanquished Creatures (others)
  A hog (Elf:1)
  A worker ant (D:4)
  2 sheep (Lair:5)
  A mummy (Ossuary)
  A bat (D:4)
  A gnoll zombie (Ossuary)
  4 giant spores
  A kobold zombie (Ossuary)
  44 fungi
  15 plants
71 creatures vanquished.

Grand Total: 1295 creatures vanquished

Notes
Turn   | Place    | Note
--------------------------------------------------------------
     0 | D:1      | faibistes, the Deep Elf Wizard, began the quest for the Orb.
     0 | D:1      | Reached XP level 1. HP: 10/10 MP: 6/6
   782 | D:1      | Reached XP level 2. HP: 15/15 MP: 7/9
   813 | D:1      | Learned a level 2 spell: Blink
  1321 | D:3      | Reached skill level 5 in Spellcasting
  1433 | D:2      | Reached XP level 3. HP: 19/19 MP: 7/14
  1437 | D:2      | Learned a level 2 spell: Slow
  1441 | D:2      | Learned a level 3 spell: Conjure Flame
  1633 | D:3      | Noticed Robin
  1648 | D:2      | Learned a level 3 spell: Mephitic Cloud
  2063 | D:3      | Killed Robin
  2271 | D:3      | Reached XP level 4. HP: 21/24 MP: 8/17
  2282 | D:3      | Learned a level 2 spell: Call Imp
  2624 | D:4      | Noticed Eustachio
  2889 | D:4      | Killed Eustachio
  2889 | D:4      | Reached skill level 6 in Spellcasting
  2889 | D:4      | Reached XP level 5. HP: 14/28 MP: 10/20
  2899 | D:4      | Learned a level 2 spell: Repel Missiles
  3116 | D:5      | Entered Level 5 of the Dungeon
  3135 | D:5      | Reached XP level 6. HP: 33/33 MP: 6/22
  3253 | D:3      | Found a shimmering altar of Xom.
  3254 | D:3      | Noticed a crimson imp
  3254 | D:3      | Noticed a crimson imp
  3255 | D:3      | Noticed a crimson imp
  3255 | D:3      | Noticed a crimson imp
  3275 | D:3      | Noticed an orc wizard
  3285 | D:3      | Killed an orc wizard
  3285 | D:3      | Reached skill level 1 in Evocations
  3369 | D:3      | Killed a crimson imp
  3369 | D:3      | Reached skill level 1 in Fighting
  3448 | D:3      | Killed a crimson imp
  3578 | D:3      | Killed a crimson imp
  3578 | D:3      | Reached skill level 7 in Spellcasting
  3744 | D:3      | Killed a crimson imp
  4195 | D:4      | Reached XP level 7. HP: 23/38 MP: 15/25
  4385 | D:4      | Noticed a slave
  4388 | D:4      | Noticed Pikel
  4388 | D:4      | Noticed a slave
  4396 | D:4      | Noticed a phantom
  4439 | D:4      | Killed a slave
  4477 | D:4      | Killed a phantom
  4477 | D:4      | Reached skill level 5 in Dodging
  4667 | D:4      | Killed Pikel
  4667 | D:4      | Reached skill level 8 in Spellcasting
  4667 | D:4      | Reached XP level 8. HP: 44/46 MP: 11/27
  4750 | D:4      | Noticed a freed slave
  4757 | D:4      | Noticed a freed slave
  4886 | D:4      | Noticed Sigmund
  4894 | D:4      | Killed Sigmund
  5077 | D:4      | Found a staircase to the Ecumenical Temple.
  5088 | Temple   | Entered the Ecumenical Temple
  5221 | D:4      | Noticed Duvessa
  5221 | D:4      | Noticed Dowan
  5239 | D:4      | Killed Dowan
  5338 | D:4      | Reached skill level 9 in Spellcasting
  5355 | D:4      | Killed Duvessa
  6148 | D:5      | Noticed a centaur
  6158 | D:5      | Killed a centaur
  7264 | D:6      | Noticed a hill giant
  7273 | D:6      | Killed a hill giant
  7273 | D:6      | Reached skill level 5 in Fighting
  7273 | D:6      | Reached skill level 10 in Spellcasting
  7273 | D:6      | Reached skill level 5 in Evocations
  7273 | D:6      | Reached XP level 9. HP: 48/54 MP: 10/30
  8202 | D:8      | Noticed Joseph
  8215 | D:8      | Noticed Grum
  8229 | D:8      | Found a sand-covered staircase.
  8234 | Ossuary  | Entered an ossuary
  8428 | Ossuary  | Reached skill level 11 in Spellcasting
  9872 | D:6      | Learned a level 4 spell: Airstrike
 10012 | D:8      | Noticed a green ugly thing
 10038 | D:7      | Reached skill level 1 in Air Magic
 10049 | D:7      | Reached XP level 10. HP: 46/60 MP: 10/32
 10654 | D:7      | Noticed a hill giant
 11141 | D:6      | Found a deep blue altar of Sif Muna.
 11144 | D:6      | Became a worshipper of Sif Muna the Loreminder
 11556 | D:7      | Killed a hill giant
 11974 | D:7      | Reached skill level 1 in Fire Magic
 12022 | D:7      | Reached skill level 12 in Spellcasting
 12390 | D:8      | Reached skill level 1 in Poison Magic
 12424 | D:8      | Killed Grum
 12424 | D:8      | Acquired Sif Muna's first power
 12462 | D:8      | Killed Joseph
 12603 | D:9      | Found a blossoming altar of Fedhas.
 13358 | D:8      | Killed a green ugly thing
 13433 | D:8      | Reached skill level 5 in Conjurations
 13561 | D:8      | Found a bloodstained altar of Trog.
 13687 | D:8      | Reached XP level 11. HP: 66/66 MP: 29/34
 13734 | D:8      | Acquired Sif Muna's second power
 14234 | D:8      | Noticed a hill giant
 14244 | D:8      | Killed a hill giant
 14484 | D:8      | Reached skill level 1 in Invocations
 14704 | D:10     | Entered Level 10 of the Dungeon
 14988 | D:10     | Reached skill level 1 in Charms
 15173 | D:10     | Found a staircase to the Lair.
 15377 | D:10     | Found Seng's Magic Scroll Emporium.
 15899 | D:10     | Found a staircase to the Orcish Mines.
 16298 | D:9      | Reached skill level 5 in Air Magic
 17275 | Lair:1   | Entered Level 1 of the Lair of Beasts
 18958 | Lair:2   | Reached skill level 5 in Fire Magic
 19006 | Lair:2   | Reached XP level 12. HP: 57/71 MP: 25/35
 19265 | D:9      | Got a warped falchion
 19266 | D:9      | Identified the +8 falchion of Internal Strife {drain, rF+} (You found it on level 9 of the Dungeon)
 19285 | D:10     | Found a shadowy altar of Dithmenos.
 19382 | D:10     | Bought a scroll of acquirement for 624 gold pieces
 19382 | D:10     | Bought a scroll of identify for 24 gold pieces
 19382 | D:10     | Bought a scroll of identify for 24 gold pieces
 19382 | D:10     | Bought a scroll of identify for 24 gold pieces
 19383 | D:10     | Identified the Papyrus of Floating Attacks (You acquired it on level 10 of the Dungeon)
 19389 | D:10     | Learned a level 4 spell: Iskenderun's Mystic Blast
 19993 | Lair:3   | Got a fine falchion
 19994 | Lair:3   | Identified the +3 falchion of Change {freeze, rN+ Dex+5} (You found it on level 3 of the Lair of Beasts)
 20957 | Lair:4   | Reached skill level 13 in Spellcasting
 21315 | Lair:3   | Got a pitted war axe
 21329 | Lair:3   | Identified the +1 war axe of Darkness {flame, rElec rC- rN+} (You found it on level 3 of the Lair of Beasts)
 21545 | Lair:3   | Identified Cerebov's Disquisition on the Arsonist
 21575 | Lair:3   | Learned a level 5 spell: Fireball
 21581 | Lair:3   | Learned a level 5 spell: Ignite Poison
 21734 | Lair:3   | Noticed an eight-headed hydra
 21800 | Lair:3   | Identified a +4 rod of the swarm (13/13) (You found it on level 3 of the Lair of Beasts)
 21887 | Lair:3   | Reached skill level 1 in Transmutations
 21895 | Lair:3   | Acquired Sif Muna's third power
 22031 | Lair:3   | Killed an eight-headed hydra
 22503 | Lair:4   | Reached skill level 5 in Invocations
 22642 | Lair:4   | Noticed an eight-headed hydra
 22649 | Lair:4   | Killed an eight-headed hydra
 22649 | Lair:4   | Reached skill level 5 in Charms
 23694 | Lair:4   | Reached skill level 5 in Translocations
 23817 | Lair:5   | Noticed faibistes' ghost (powerful DEWz)
 23819 | Lair:5   | Reached skill level 10 in Dodging
 24395 | Lair:4   | Reached XP level 13. HP: 76/76 MP: 32/36
 25720 | Lair:5   | Noticed a catoblepas
 25727 | Lair:5   | Killed a catoblepas
 26163 | Lair:2   | Learned a level 6 spell: Deflect Missiles
 26326 | Lair:5   | Killed faibistes' ghost
 26487 | Lair:5   | Noticed Fannar
 26489 | Lair:5   | Reached skill level 14 in Spellcasting
 26504 | Lair:5   | Killed Fannar
 27068 | Lair:5   | Learned a level 4 spell: Petrify
 27127 | Lair:6   | Found a staircase to the Snake Pit.
 27329 | Lair:6   | Noticed Maud
 27367 | Snake:1  | Entered Level 1 of the Snake Pit
 27370 | Snake:1  | Received a gift from Sif Muna
 27374 | Snake:1  | Identified Sif Muna's Handbook of Combat Magic and the Blaze (Sif Muna gifted it to you on level 1 of the Snake Pit)
 27441 | Snake:1  | Noticed Louise
 27465 | Snake:1  | Killed Louise
 27465 | Snake:1  | Reached skill level 1 in Earth Magic
 27617 | Lair:6   | Killed Maud
 27799 | Lair:7   | Noticed Harold
 27981 | Lair:6   | Killed Harold
 28652 | Lair:2   | Learned a level 4 spell: Sticky Flame
 29109 | Lair:6   | Found a snail-covered altar of Cheibriados.
 29460 | Lair:6   | Found a staircase to the Swamp.
 30180 | Lair:8   | Entered Level 8 of the Lair of Beasts
 30523 | Lair:7   | Reached XP level 14. HP: 83/83 MP: 36/38
 30545 | Lair:7   | Found a glowing golden altar of the Shining One.
 31063 | Lair:7   | Found a staircase to the Slime Pits.
 32595 | Lair:8   | Received a gift from Sif Muna
 32962 | Lair:8   | Reached skill level 15 in Spellcasting
 34599 | Lair:8   | Reached skill level 5 in Earth Magic
 34812 | Lair:8   | Reached skill level 10 in Charms
 35240 | Orc:1    | Entered Level 1 of the Orcish Mines
 35263 | Orc:1    | Noticed Blork the orc
 35269 | Orc:1    | Killed Blork the orc
 36017 | Orc:2    | Found an iron altar of Okawaru.
 36244 | Orc:2    | Noticed Urug
 36251 | Orc:2    | Killed Urug
 36556 | Orc:4    | Entered Level 4 of the Orcish Mines
 36573 | Orc:4    | Noticed an orc warlord
 36789 | Orc:3    | Killed an orc warlord
 37117 | Orc:3    | Found a roughly hewn altar of Beogh.
 37117 | Orc:3    | Found Khieh's Book Shoppe.
 37526 | Orc:3    | Bought the Papyrus of Torrid Battle Magic for 1020 gold pieces
 38233 | Orc:1    | Noticed Erolcha
 38237 | Orc:1    | Killed Erolcha
 39549 | Orc:4    | Found a staircase to the Elven Halls.
 39811 | Orc:4    | Noticed faibistes' ghost (powerful DEWz)
 39821 | Orc:4    | Killed faibistes' ghost
 39821 | Orc:4    | Received a gift from Sif Muna
 39822 | Orc:4    | Identified Sif Muna's Disquisition on Conjuration (Sif Muna gifted it to you on level 4 of the Orcish Mines)
 40153 | Orc:4    | Reached XP level 15. HP: 86/88 MP: 22/39
 40481 | Lair:2   | Learned a level 7 spell: Ring of Flames
 40492 | Lair:2   | Learned a level 6 spell: Bolt of Fire
 40500 | Lair:2   | Learned a level 6 spell: Iron Shot
 41482 | Orc:4    | Found Raoren's Distillery.
 41483 | Orc:4    | Found Bijets' General Store.
 41828 | Orc:4    | Bought a potion of heal wounds for 75 gold pieces
 41828 | Orc:4    | Bought a potion of magic for 120 gold pieces
 41830 | Orc:4    | Bought a potion of heal wounds for 90 gold pieces
 41830 | Orc:4    | Bought a scroll of identify for 36 gold pieces
 42427 | Orc:4    | Reached skill level 16 in Spellcasting
 42843 | Orc:4    | Found Kledweg's Antique Armour Emporium.
 42843 | Orc:4    | Found a one-way gate leading to the halls of Pandemonium.
 42843 | Orc:4    | Found Oxtuafal's Gadget Shoppe.
 42849 | Orc:4    | Bought an encrusted cloak for 218 gold pieces
 42859 | Orc:4    | Identified the cursed -5 cloak "Usaef" {+Blink rElec Str-5 Dex+2} (You bought it in a shop on level 4 of the Orcish Mines)
 42859 | Orc:4    | Lost strength.
 43274 | Elf:1    | Entered Level 1 of the Elven Halls
 43279 | Elf:1    | Reached skill level 10 in Invocations
 43714 | Elf:1    | Noticed Kirke
 44936 | Elf:1    | Noticed an azure jelly
 44938 | Elf:1    | Killed an azure jelly
 45244 | Elf:1    | Received a gift from Sif Muna
 45500 | Elf:1    | Identified Dispater's Handbook of Confrontation (Sif Muna gifted it to you on level 1 of the Elven Halls)
 45504 | Elf:2    | Found Oshraip's Gadget Boutique.
 45525 | Elf:2    | Bought a phial of floods for 560 gold pieces
 45865 | Elf:1    | Killed Kirke
 46549 | Elf:2    | Reached skill level 17 in Spellcasting
 46608 | Elf:2    | Found a runed gate.
 46608 | Elf:2    | Found a runed gate.
 46609 | Elf:2    | Found a runed gate.
 46645 | Elf:2    | Reached XP level 16. HP: 95/95 MP: 37/41
 46919 | Elf:2    | Reached skill level 10 in Conjurations
 47104 | Elf:2    | Reached skill level 10 in Fire Magic
 48364 | Elf:2    | Reached skill level 10 in Earth Magic
 48368 | Elf:2    | Received a gift from Sif Muna
 48498 | Elf:2    | Identified Sif Muna's Tome of Boosting Attacks (Sif Muna gifted it to you on level 2 of the Elven Halls)
 49649 | Snake:2  | HP: 1/96 [naga sharpshooter/poisoned arrow (32)]
 49650 | Snake:2  | Shot with a bolt by a naga sharpshooter

Action                   |  1- 3 |  4- 6 |  7- 9 | 10-12 | 13-15 | 16-18 || total
-------------------------+-------+-------+-------+-------+-------+-------++-------
Melee: Unarmed           |     1 |       |       |       |       |       ||     1
       Dagger            |     1 |    20 |   152 |   321 |       |       ||   494
       Falchion          |       |       |       |    81 |   163 |     5 ||   249
 Cast: Magic Dart        |    93 |   107 |   397 |   465 |       |       ||  1062
       Mephitic Cloud    |     5 |    10 |    32 |    68 |    14 |       ||   129
       Call Imp          |       |     3 |       |       |       |       ||     3
       Blink             |       |     1 |     7 |    11 |    22 |       ||    41
       Repel Missiles    |       |     1 |     2 |     1 |       |       ||     4
       Conjure Flame     |       |       |    52 |   110 |    33 |       ||   195
       Airstrike         |       |       |       |   111 |   156 |    39 ||   306
       Fireball          |       |       |       |    70 |   464 |    52 ||   586
       Iskenderun's Myst |       |       |       |    27 |     3 |       ||    30
       Ignite Poison     |       |       |       |    20 |    22 |     1 ||    43
       Sticky Flame      |       |       |       |       |    81 |     2 ||    83
       Deflect Missiles  |       |       |       |       |     6 |     1 ||     7
       Bolt of Fire      |       |       |       |       |    80 |    31 ||   111
       Iron Shot         |       |       |       |       |     8 |     1 ||     9
       Ring of Flames    |       |       |       |       |     5 |     1 ||     6
Invok: Channel Energy    |       |       |       |    10 |    43 |     2 ||    55
       Forget Spell      |       |       |       |       |     3 |       ||     3
Evoke: Wand              |       |       |       |     8 |     7 |       ||    15
  Use: Scroll            |       |     1 |    14 |    13 |    13 |     1 ||    42
       Potion            |       |       |       |       |    13 |     1 ||    14
 Stab: Confused          |     1 |     3 |     6 |    22 |       |       ||    32
       Sleeping          |       |       |     2 |     4 |     1 |       ||     7
  Eat: Chunk             |     4 |     6 |    15 |    43 |    67 |    10 ||   145
       Beef jerky        |       |       |     1 |       |     1 |     1 ||     3
       Royal jelly       |       |       |     1 |       |     1 |       ||     2
       Fruit             |       |       |       |     7 |    12 |       ||    19
       Pizza             |       |       |       |       |     4 |       ||     4
